 Dungeon Crawl Stone Soup version 0.29.1-15-g9cfb28693d (webtiles) character file.

Game seed: 9925906798926960965

27 Eitelfritz the Sneak (level 2, -2/22 HPs)
             Began as a Demonspawn Brigand on Apr 25, 2023.
             Slain by a gnoll
             ... wielding a +0 spear
              (6 damage)
             ... on level 2 of the Dungeon.
             The game lasted 00:01:21 (1176 turns).

Eitelfritz the Sneak (Demonspawn Brigand)           Turns: 1176, Time: 00:01:22

Health: -2/22      AC:  3    Str: 11    XL:     2   Next: 93%
Magic:  2/2        EV: 12    Int: 12    God:
Gold:   83         SH:  0    Dex: 14    Spells: 1/1 levels left

rFire   . . .      SeeInvis .   a - +2 dagger
rCold   . . .      Faith    .   (no shield)
rNeg    . . .      Spirit   .   b - +0 robe
rPois   .          Reflect  .   (no helmet)
rElec   .          Harm     .   c - +0 cloak
rCorr   .          Rampage  .   (no gloves)
Will    .....                   (no boots)
Stlth   +++.......              (no amulet)
HPRegen 0.07/turn               (no ring)
MPRegen 0.08/turn               (no ring)

@: no status effects
A: spiny 1
a: no special abilities


You were on level 2 of the Dungeon.
You visited 1 branch of the dungeon, and saw 2 of its levels.

You collected 83 gold pieces.

Inventory:

Hand Weapons
 a - a +2 dagger (weapon)
 j - a +0 sling
Missiles
 d - 13 poisoned darts (quivered)
 e - 3 curare-tipped darts
Armour
 b - a +0 robe (worn)
 c - a +0 cloak (worn)
Scrolls
 g - 2 scrolls of teleportation {unknown}
Potions
 f - 2 potions of attraction {unknown}
 h - a potion of invisibility {unknown}
 i - a potion of berserk rage {unknown}


   Skills:
 + Level 2.1 Fighting
 + Level 2.1 Short Blades
 + Level 1.8 Throwing
 + Level 1.2 Dodging
 + Level 4.2 Stealth


You had one spell level left.
You didn't know any spells.
Your spell library contained the following spells:

 Spells                   Type           Power      Damage    Failure   Level
 Ensorcelled Hibernation  Hex/Ice        0%         N/A       45%         2
 Spider Form              Tmut/Pois      0%         N/A       69%         3
 Anguish                  Hex/Necr       0%         N/A       97%         4


Dungeon Overview and Level Annotations

Branches:
Dungeon (2/15)

Altars:


Innate Abilities, Weirdness & Mutations

You are partially covered in sharp spines.


Message History

The jackal is almost dead.
The jackal barely misses you.
You closely miss the jackal.
The jackal is almost dead.
The jackal is struck by your spines.
You kill the jackal!
You hit the jackal.
The jackal is severely wounded.
The jackal is struck by your spines.
You kill the jackal!
Found a sling.
You see here a +0 sling.
j - a +0 sling A kobold comes into view.
It is wielding a +0 whip.
The kobold shouts!
The kobold hits you but does no damage.
You barely miss the kobold. You hit the kobold.
The kobold is moderately wounded.
You hit the kobold.
You kill the kobold!
You see here a +0 whip.
There is a fountain of clear blue water here.
Found a stone staircase leading down.
Found 4 stones.
You see here 4 stones.
A gnoll comes into view. It is wielding a +0 spear.
A gnoll comes into view. It is wielding a +0 halberd.
A gnoll comes into view. It is wielding a +0 halberd.
The gnoll shouts! x3; You hear a shout! x2
A gnoll comes into view. It is wielding a +0 spear.
The gnoll closely misses you. The gnoll hits you but does no damage.
The gnoll is struck by your spines. The gnoll hits you with a +0 spear!
The gnoll barely misses you.
A goblin comes into view. It is wielding a +0 club.
The gnoll is struck by your spines. The gnoll hits you with a +0 spear.
The gnoll hits you with a +0 spear!
* * * LOW HITPOINT WARNING * * *
The gnoll hits you from afar with a +0 spear.
You die...

.8.⌠.8....
#.# #.#
........###
#.####.#
.########
#......# .#
#......# .#
#......# ##
#......#
#......#
#.#....#####
#.#.@.......
# #...######
#gg.# #g.g#
#...# #...#
#...# #g..#
#...#


You could see 4 gnolls and a goblin.

Vanquished Creatures
  A dart slug (D:1)
  2 endoplasms (D:1)
  A giant cockroach (D:1)
  2 goblins
  5 jackals
  2 quokkas (D:1)
  A ball python (D:1)
  2 bats (D:1)
  A frilled lizard (D:1)
  3 kobolds
  2 rats
22 creatures vanquished.

Notes
Turn   | Place    | Note
-------+----------+-------------------------------------------
     0 | D:1      | Eitelfritz the Demonspawn Brigand began the quest for the
                  | Orb.
     0 | D:1      | Reached XP level 1. HP: 16/16 MP: 1/1
   353 | D:1      | Reached skill level 1 in Dodging
   555 | D:1      | Reached skill level 4 in Stealth
   555 | D:1      | Gained mutation: You are partially covered in sharp spines.
                  | [demonic ancestry]
   555 | D:1      | Reached XP level 2. HP: 11/22 MP: 2/2
  1108 | D:2      | Found a faded altar of an unknown god.
  1176 | D:2      | Slain by a gnoll

Illustrated notes

Levels and vault maps discovered:
D:1:      minmay_arrival_stair_chambers, layout_basic
D:2:      layout_basic, serial_glass, glass_columns_a, glass_columns_a,
          hellmonk_ecumenical_altar_dog_temple

Skill      XL: |  1  2 |
---------------+-------+-----
Dodging        | 1 |  1.2
Stealth        | 4 |  4.2
Short Blades   | 2 |  2.1
Fighting       | |  2.1
Throwing       | |  1.8

Action                   || total
-------------------------++-------
Melee: Dagger            ||    56
 Stab: Sleeping          ||     6
Armor: Robe              ||    18
Dodge: Dodged            ||    45
